 Dungeon Crawl Stone Soup version 0.30-a0-1163-gf69bf04e7a (webtiles) character file.

Game seed: 4851787794145931898

10327 vineage the Basher (level 11, -5/71 HPs)
             Began as a Gargoyle Fighter on Apr 28, 2023.
             Was the Champion of Okawaru.
             Slain by an enormous slime creature (12 damage)
             ... on level 10 of the Dungeon.
             The game lasted 00:12:25 (10128 turns).

vineage the Basher (Gargoyle Fighter)              Turns: 10128, Time: 00:12:26

Health: -5/71      AC: 34    Str: 21    XL:     11   Next: 60%
Magic:  24/24      EV:  6    Int:  5    God:    Okawaru [******]
Gold:   651        SH: 12    Dex: 20    Spells: 10/10 levels left

rFire   . . .        I - +0 morningstar (protect)
rCold   + . .        c - +0 buckler
rNeg    + . .        p - +0 plate armour
rPois   ∞            b - +0 helmet
rElec   +            B - +0 cloak
rCorr   .            (no gloves)
SInv    .            f - +1 pair of boots
Will    .....        y - amulet of reflection Stlth
                     m - +6 ring of dexterity
HPRegen 0.31/turn    u - ring "Baitys" {rC+ MP+9 Int-5 Dex+3}
MPRegen 0.19/turn

%: reflection
@: mighty, under a protective aura
A: sickness immunity, AC +8, negative energy resistance 1, electricity
resistance, torment resistance 1, petrification resistance
a: Renounce Religion, Heroism, Finesse, Duel


You were on level 10 of the Dungeon.
You worshipped Okawaru.
Okawaru was exalted by your worship.
You visited 1 branch of the dungeon, and saw 10 of its levels.
You also visited: Sewer.

You collected 651 gold pieces.

Inventory:

Hand Weapons
 I - a +0 morningstar of protection (weapon)
Armour
 b - a +0 helmet (worn)
 c - a +0 buckler (worn)
 f - a +1 pair of boots (worn)
 p - a +0 plate armour (worn)
 B - a +0 cloak (worn)
Jewellery
 e - a ring of protection from cold
 m - a +6 ring of dexterity (left hand)
 q - a ring of magical power
 u - the ring "Baitys" (right hand) {rC+ MP+9 Int-5 Dex+3}
   (You found it on level 5 of the Dungeon)

   [ring of magical power]

   Int:       It affects your intelligence (-5).
   Dex:       It affects your dexterity (+3).
   rC:        It protects you from cold.
   MP:        It affects your magic capacity (+9).
 x - a ring of wizardry
 y - an amulet of reflection (around neck)
 E - an amulet of regeneration
Wands
 a - a wand of flame (13)
 C - a wand of digging (3)
 F - a wand of polymorph (3)
 G - a wand of acid (6)
Scrolls
 g - 2 scrolls of teleportation
 i - 2 scrolls of magic mapping
 j - a scroll of fear
 n - 2 scrolls of vulnerability
 A - a scroll of blinking
 H - a scroll of poison
 J - a scroll of identify
 K - a scroll of enchant weapon {unknown}
Potions
 d - 2 potions of might
 h - 2 potions of heal wounds {unknown}
 k - 3 potions of cancellation {unknown}
 l - 3 potions of resistance
 o - 4 potions of brilliance {unknown}
 r - 7 potions of mutation {unknown}
 t - 4 potions of flight {unknown}
 v - 2 potions of lignification {unknown}
 w - a potion of ambrosia
 z - 5 potions of berserk rage {unknown}
 D - a potion of haste {unknown}


   Skills:
 + Level 9.1 Fighting
 * Level 11.1 Maces & Flails
 + Level 9.0 Armour
 + Level 9.2 Shields
 - Level 5.8 Invocations


You had 10 spell levels left.
You didn't know any spells.
Your spell library contained the following spells:

 Spells                   Type           Power      Damage    Failure   Level
 Anguish                  Hex/Necr       0%         N/A       100%        4
 Alistair's Intoxication  Tmut/Pois      0%         N/A       100%        5
 Borgnjor's Vile Clutch   Necr/Erth      0%         N/A       100%        5
 Eringya's Noxious Bog    Tmut/Pois      0%         N/A       100%        6
 Enfeeble                 Hex            0%         N/A       100%        7


Dungeon Overview and Level Annotations

Branches:
Dungeon (10/15)            Temple (0/1) D:5            Lair (0/5) D:10
    Orc (0/2) D:10          Sewer (visited)

Altars:
Dithmenos
Elyvilon
Fedhas
Gozag
Hepliaklqana
Kikubaaqudgha
Okawaru
Qazlal
Ru
Trog
Wu Jian
The Shining One
Jiyva

Shops:
D:5 ?   D:6 *


Innate Abilities, Weirdness & Mutations

You are immune to sickness and miasma.
Your stone body is resilient. (AC +8)
You are immune to poison.
You resist negative energy. (rN+)
You are resistant to electric shocks. (rElec)
You are resistant to unholy torment.
You are immune to petrification.


Message History

PostNTower's ghost makes a sound of rattling chains.
PostNTower's ghost hits you but does no damage.
You hit PostNTower's ghost but do no damage.
PostNTower's ghost is severely damaged.
PostNTower's ghost hits you but does no damage.
You sock PostNTower's ghost!
PostNTower's ghost is almost destroyed.
PostNTower's ghost closely misses you.
You hit PostNTower's ghost but do no damage.
PostNTower's ghost is almost destroyed.
PostNTower's ghost hits you but does no damage.
You barely miss PostNTower's ghost.
PostNTower's ghost is almost destroyed.
You block PostNTower's ghost's attack.
You hit PostNTower's ghost but do no damage.
PostNTower's ghost is almost destroyed.
PostNTower's ghost hits you but does no damage.
You hit PostNTower's ghost but do no damage.
PostNTower's ghost is almost destroyed.
PostNTower's ghost grins evilly.
You block PostNTower's ghost's attack.
You sock PostNTower's ghost!
You destroy PostNTower's ghost!
Okawaru is honoured by your kill.
Your Maces & Flails skill increases to level 11!
Your Armour skill increases to level 9!
You barely miss the enormous slime creature.
The enormous slime creature hits you but does no damage.
You puncture the enormous slime creature!
The enormous slime creature is lightly wounded.
The enormous slime creature barely misses you.
You puncture the enormous slime creature!
The enormous slime creature is lightly wounded.
The enormous slime creature hits you!!!
Ouch! That really hurt!
* * * LOW HITPOINT WARNING * * *
You completely miss the enormous slime creature.
The enormous slime creature is lightly wounded.
The enormous slime creature hits you!
You die...

......#.####.##...##.###...## #.
.....##.###..#.....#####...######
.....#...'...'.....$ #..........
.....#...#...'J...?_ #..........
.....######..JW$...$ ##...##....
.##'##.......#.....#######'##'###
.#...#.......##...##.............
.#...#........#####..............
.#............JJ@#..###'##.###...
##<.#################)...#.# ####
.#...# #.########### .#...#
#.#.......... .#...#
#)#..#....[.. ###.##
#####)#..#....... #####
#.......).....).. ..#
#.....#.........# ..#
#.....#.....!....


You could see an enormous slime creature and a jelly.

Vanquished Creatures
  The ghost of PostNTower the Carver, a journeyman GrFi of the Shining One (D:10)
  Urug (D:10)
  A glowing orange brain (D:10)
  Pikel (D:7)
  2 hornets (D:9)
  A vampire (D:10)
  4 wyverns
  11 yaks
  2 wraiths (D:9)
  Eustachio (D:6)
  A basilisk (D:9)
  2 steam dragons
  Menkaure (D:7)
  6 water moccasins
  Duvessa (D:7)
  A swamp drake (D:10)
  An ice beast (D:6)
  6 orc warriors
  Pargi (Sewer)
  A sky beast (D:8)
  A black bear (D:5)
  4 centaurs
  2 kobold brigands
  5 bullfrogs
  3 scorpions
  9 wights (D:8)
  Dowan (D:7)
  8 killer bees
  2 howler monkeys (D:9)
  Crazy Yiuf (D:5)
  5 orc priests
  5 hounds
  3 iguanas
  5 sleepcaps
  13 orc wizards
  5 gnolls
  8 adders
  A white imp (D:6)
  3 dart slugs
  22 orcs
  7 endoplasms
  6 giant cockroaches
  8 goblins
  8 hobgoblins
  8 jackals
  15 kobolds
  2 quokkas
  7 ball pythons
  8 bats
  2 frilled lizards
  5 rats
228 creatures vanquished.

Vanquished Creatures (others)
  An orc wizard (D:6)
  2 orcs (D:7)
  A kobold (D:9)
  3 plants (D:10)
7 creatures vanquished.

Grand Total: 235 creatures vanquished

Notes
Turn   | Place    | Note
-------+----------+-------------------------------------------
     0 | D:1      | vineage the Gargoyle Fighter began the quest for the Orb.
     0 | D:1      | Reached XP level 1. HP: 14/14 MP: 1/1
   231 | D:1      | Reached XP level 2. HP: 6/19 MP: 2/2
   710 | D:1      | Reached XP level 3. HP: 23/23 MP: 3/3
  1269 | D:2      | Reached skill level 3 in Maces & Flails
  1291 | D:2      | Reached XP level 4. HP: 29/29 MP: 4/4
  1292 | D:2      | Identified the +5 dagger of Cheese {freeze, Will+ Str+2}
  1885 | D:3      | Found a faded altar of an unknown god.
  1889 | D:3      | Found an iron altar of Okawaru.
  2032 | D:3      | Found a stormy altar of Qazlal.
  2269 | D:3      | Found an ornate altar of the Wu Jian Council.
  2269 | D:3      | You fall into a shaft and drop 1 floor!
  2443 | D:4      | Found a shadowy altar of Dithmenos.
  2489 | D:4      | Found an ancient bone altar of Kikubaaqudgha.
  2510 | D:4      | Reached XP level 5. HP: 13/33 MP: 5/5
  2711 | D:4      | Reached skill level 4 in Maces & Flails
  2715 | D:4      | Reached XP level 6. HP: 21/38 MP: 6/6
  3357 | D:3      | Became a worshipper of Warmaster Okawaru
  3378 | D:5      | Entered Level 5 of the Dungeon
  3430 | D:5      | Found a staircase to the Ecumenical Temple.
  3445 | D:5      | Noticed a black bear
  3453 | D:5      | Killed a black bear
  3454 | D:5      | Reached XP level 7. HP: 34/44 MP: 7/7
  3520 | D:5      | Found Ofadiu's Magic Scroll Shop.
  3549 | D:5      | Found an opulent altar of Gozag.
  3593 | D:5      | Found a white marble altar of Elyvilon.
  3625 | D:5      | Identified the ring "Baitys" {rC+ MP+9 Int-5 Dex+3}
  3730 | D:5      | Found a runed translucent door.
  3731 | D:5      | Noticed Crazy Yiuf
  3852 | D:5      | Reached skill level 5 in Maces & Flails
  3962 | D:5      | Reached skill level 5 in Armour
  3962 | D:5      | Reached skill level 5 in Shields
  4225 | D:5      | Killed Crazy Yiuf
  4225 | D:5      | Reached * piety under Okawaru
  4226 | D:5      | Reached skill level 5 in Fighting
  4393 | D:6      | Reached XP level 8. HP: 46/49 MP: 8/8
  4433 | D:6      | Reached skill level 6 in Maces & Flails
  4434 | D:6      | Found a glowing drain.
  4463 | Sewer    | Entered a sewer
  4538 | Sewer    | Noticed Pargi
  4550 | Sewer    | Killed Pargi
  4550 | Sewer    | Reached ** piety under Okawaru
  4693 | D:6      | Noticed Eustachio
  4708 | D:6      | Killed Eustachio
  5058 | D:6      | Found Jiningul's General Store.
  5146 | D:6      | Found a bloodstained altar of Trog.
  5307 | D:7      | Noticed Duvessa
  5308 | D:7      | Noticed Dowan
  5313 | D:7      | Killed Duvessa
  5314 | D:7      | Reached skill level 7 in Maces & Flails
  5321 | D:7      | Killed Dowan
  5452 | D:7      | Reached skill level 1 in Invocations
  5467 | D:7      | Found a sacrificial altar of Ru.
  5614 | D:7      | Reached XP level 9. HP: 49/55 MP: 9/9
  5808 | D:7      | Noticed Menkaure
  5825 | D:7      | Reached *** piety under Okawaru
  5827 | D:7      | Killed Menkaure
  5998 | D:7      | Noticed Pikel
  6018 | D:7      | Killed Pikel
  6019 | D:7      | Reached skill level 8 in Maces & Flails
  6204 | D:7      | Reached **** piety under Okawaru
  7238 | D:8      | Reached XP level 10. HP: 52/63 MP: 12/12
  7423 | D:8      | Reached skill level 9 in Maces & Flails
  7999 | D:9      | Reached ***** piety under Okawaru
  8283 | D:9      | Found a blossoming altar of Fedhas.
  8701 | D:10     | Entered Level 10 of the Dungeon
  8701 | D:10     | Found a staircase to the Lair.
  8701 | D:10     | Found a runed translucent gate.
  8774 | D:9      | Reached skill level 5 in Invocations
  8794 | D:9      | Received a gift from Okawaru
  8799 | D:9      | Reached skill level 10 in Maces & Flails
  8918 | D:9      | Reached XP level 11. HP: 68/69 MP: 15/15
  8991 | D:10     | Found a runed translucent gate.
  9049 | D:10     | Found a runed translucent gate.
  9187 | D:10     | Found a staircase to the Orcish Mines.
  9368 | D:10     | Noticed Urug
  9384 | D:10     | Killed Urug
  9724 | D:10     | Found a faded altar of an unknown god.
  9724 | D:10     | Found a hazy altar of Hepliaklqana.
  9759 | D:10     | Found a faded altar of an unknown god.
  9876 | D:10     | Found a glowing golden altar of the Shining One.
  9950 | D:10     | Noticed a glowing orange brain
  9951 | D:10     | Noticed PostNTower's ghost (journeyman GrFi)
 10043 | D:10     | Found a viscous altar of Jiyva.
 10060 | D:10     | Killed a glowing orange brain
 10124 | D:10     | Killed PostNTower's ghost
 10124 | D:10     | Reached ****** piety under Okawaru
 10125 | D:10     | Reached skill level 11 in Maces & Flails
 10128 | D:10     | Slain by an enormous slime creature

Illustrated notes

Levels and vault maps discovered:
D:1:      minmay_arrival_open_corners, layout_loops_corners,
          chequers_serial_rivers_large_b, kennysheep_flooded_box
D:2:      layout_loops_cross
D:3:      layout_rooms, nicolae_overflow_ecumenical_swirl,
          mainiacjoe_overflow_alcove_2, pdpol_wu_jian_five_deadly_venoms,
          minivault_27
D:4:      minmay_wonky_spiral, layout_cave_pools,
          mainiacjoe_overflow_catch_the_wave, cheibrodos_gnoll_hut
D:5:      layout_gridville, grunt_gozag_breadcrumbs, elyvilon_altar_3,
          minmay_temple_entry_mini_moons, serial_shops, shop_statue,
          uniq_crazy_yiuf_cottage
D:6:      minmay_flawed_box, layout_loops_cross, kennysheep_little_box,
          serial_shops, nicolae_shop_tiny_statue_garden,
          cheibrodos_sewer_entry_sluice, uniq_eustachio
D:7:      layout_basic, nicolae_ru_sacrificial_ziggurat, uniq_menkaure,
          uniq_pikel, uniq_duvessa
D:8:      layout_rooms
D:9:      kennysheep_blocky_hall, layout_long_grid, fedhas_ov_isle_minmay
D:10:     layout_gridville, nicolae_hepliaklqana_ecumenical_no_more,
          lemuel_doored_altar, minmay_lair_entry_grove, erik_orc_1,
          gammafunk_ghost_ooze, uniq_urug

Skill      XL: |  1  2  3  4  5  6  7  8  9 10 11 |
---------------+----------------------------------+-----
Maces & Flails | 3 4 5 7 8 10 11 | 11.1
Shields        | 4 5 6 7 8 9 |  9.2
Fighting       | 4 5 6 7 8 9 |  9.1
Armour         | 4 5 6 7 8 9 |  9.0
Invocations    | 1 3 5 |  5.8

Action                     |  1- 3 |  4- 6 |  7- 9 | 10-12 || total
---------------------------+-------+-------+-------+-------++-------
  Melee: Flail             |   121 |    24 |   234 |   154 ||   533
         Dagger            |       |    99 |       |       ||    99
         Whip              |       |       |    24 |       ||    24
         Morningstar       |       |       |       |   258 ||   258
 Invoke: Heroism           |       |       |       |     2 ||     2
    Use: Scroll            |     2 |     6 |     3 |     3 ||    14
         Potion            |       |     1 |     1 |     3 ||     5
   Stab: Confused          |       |       |       |     2 ||     2
 Armour: Scale mail        |   103 |    13 |       |       ||   116
         Plate armour      |       |    58 |   235 |   275 ||   568
  Dodge: Dodged            |    71 |    35 |    89 |    94 ||   289
  Block: Buckler           |    36 |    30 |   209 |   272 ||   547
         Reflection        |       |       |     4 |     8 ||    12

Table legend: (Time is in decaauts)
 A = Elapsed time spent in this place.
 B = Non-inter-level travel time spent in this place.
 C = Inter-level travel time spent in this place.
 D = Time resting spent in this place.
 E = Time spent auto-exploring this place.
 F = Levels seen in this place.
 G = Mean time per level.
                   A        B        C        D        E       F      G
               +--------+--------+--------+--------+--------+-----+--------+
         Total |  10419 |   9957 |    462 |    898 |   7100 |  11 |  947.2 |
       Dungeon |  10233 |   9771 |    462 |    898 |   6958 |  10 | 1023.3 |
         Sewer |    186 |    186 |      0 |      0 |    142 |   1 |  186.0 |
               +--------+--------+--------+--------+--------+-----+--------+

Top non-repeatable levels by time:
     D:7: 1312 daAuts
     D:8: 1262 daAuts
     D:1: 1201 daAuts
    D:10: 1200 daAuts
     D:9: 1172 daAuts
     D:4: 976 daAuts
     D:5: 968 daAuts
     D:6: 855 daAuts
     D:2: 693 daAuts
     D:3: 589 daAuts
   Sewer: 186 daAuts
